 Dungeon Crawl Stone Soup version 0.14-a0-2091-gca92d1a (webtiles) character file.

3034 RedPan the Conjurer (level 9, -10/45 HPs)
             Began as a Deep Elf Wizard on Jan 25, 2014.
             Was a Believer of Vehumet.
             Shot with a bolt by an orc warrior (17 damage)
             ... in a bailey.
             The game lasted 00:41:01 (8546 turns).

RedPan the Conjurer (Deep Elf Wizard)               Turns: 8546, Time: 00:41:02

HP -10/45        AC  3     Str  7      XL: 9   Next: 29%
MP  23/27        EV 16     Int 27      God: Vehumet [**....]
Gold 512         SH  0     Dex 13      Spells:  5 memorised,  9 levels left

rFire  . . .     SeeInvis .     w - +0,+2 dwarf dagger
rCold  + . .     Clarity  .     a - +0 elf robe
rNeg   + . .     Conserve .     (no shield)
rPois  .         rCorr    .     b - +0 elf hat
rElec  .         rRot     .     (no cloak)
SustAb . .       Spirit   .     q - +0 pair of elf gloves
rMut   .         Warding  +     (no boots)
Saprov . . .     Stasis   .     y - amulet of warding
MR     .....                    z - ring of protection from cold
                                f - +3 ring of intelligence

@: not resistant to hostile enchantments, fairly stealthy
A: no striking features
a: Renounce Religion


You were in a bailey.
You worshipped Vehumet.
Vehumet was pleased with you.
You were not hungry.

You visited 2 branches of the dungeon, and saw 8 of its levels.
You also visited: Bailey.

You collected 512 gold pieces.

Inventory:

Hand weapons
 w - a +0,+2 dwarven dagger (weapon)
Armour
 a - a +0 elven robe (worn)
 b - a +0 elven hat (worn)
 q - a +0 pair of elven gloves (worn)
Magical devices
 A - a wand of flame (5)
 C - a wand of frost (3)
 M - a wand of enslavement (12)
 N - a wand of digging (8)
 R - a wand of disintegration (8) {unknown}
Comestibles
 d - 3 bread rations
 h - 2 pears
 k - an apple
 J - a choko
 Q - a chunk of orc flesh
 T - 3 meat rations
Scrolls
 e - a scroll of enchant weapon I {unknown}
 i - a scroll of identify
 m - a scroll of amnesia {unknown}
 o - 2 scrolls of blinking
 p - 2 scrolls of fear
 r - 6 scrolls of remove curse
 t - a scroll of magic mapping
 v - a scroll of immolation {unknown}
 D - a scroll of curse armour {unknown}
 F - a scroll of random uselessness {unknown}
 G - a scroll of enchant weapon II
 I - a scroll of teleportation {unknown}
 P - a scroll of enchant armour {unknown}
Jewellery
 f - a +3 ring of intelligence (left hand)
 n - an uncursed ring of invisibility
 u - a +3 ring of intelligence
 x - an uncursed amulet of rage
 y - an amulet of warding (around neck)
 z - a ring of protection from cold (right hand)
Potions
 g - 2 potions of might
 j - a potion of heal wounds
 l - a potion of speed
 s - 6 potions of curing
 B - a potion of agility
 E - a potion of resistance
 H - 2 potions of poison {unknown}
 K - 2 potions of invisibility {unknown}
 L - 2 potions of degeneration {unknown}
 S - 2 potions of brilliance {unknown}
Books
 c - a book of Minor Magic

   Spells                             Type                      Level
   *Magic Dart                        Conjuration                  1
   *Blink                             Translocation                2
   Call Imp                           Summoning                    2
   Repel Missiles                     Charms/Air                   2
   Slow                               Hexes                        2
   *Conjure Flame                     Conjuration/Fire             3
   *Mephitic Cloud                    Conjuration/Poison/Air       3
 O - a book of Power

   Spells                             Type                      Level
   *Iskenderun's Mystic Blast         Conjuration                  4
   Venom Bolt                         Conjuration/Poison           5
   Bolt of Magma                      Conjuration/Fire/Earth       5
   Fulminant Prism                    Conjuration/Hexes            5
   Iron Shot                          Conjuration/Earth            6
   Orb of Destruction                 Conjuration                  7


   Skills:
 - Level 7.4 Dodging
 - Level 2.4 Stealth
 - Level 7.0 Spellcasting
 + Level 8.7 Conjurations
   Level 1.1 Summonings
 - Level 1.1 Translocations
 + Level 7.1 Fire Magic


You had 9 spell levels left.
You knew the following spells:

 Your Spells              Type           Power        Failure   Level  Hunger
a - Magic Dart            Conj           ####         1%          1    None
b - Blink                 Tloc           N/A          8%          2    None
c - Mephitic Cloud        Conj/Pois/Air  ####....     6%          3    None
d - Conjure Flame         Conj/Fire      ######..     1%          3    None
e - Iskenderun's Mystic   Conj           ######..     1%          4    ###....


Dungeon Overview and Level Annotations

Branches:
Dungeon (7/16)             Temple (1/1) D:4

Altars:
Ashenzari
Dithmengos
Elyvilon
Fedhas
Makhleb
Nemelex Xobeh
Okawaru
Sif Muna
Trog
Vehumet
Xom
Yredelemnul
Zin
The Shining One

Shops:
D:4 [

Annotations:
D:2 exclusion: oklob plant


Message History

Confirm with . or Enter, or press ? or * to list all spells.
Aiming: Magic Dart
Press: ? - help, Shift-Dir - straight line, f - orc
Aim: an orc, wielding an orcish crossbow (hasn't noticed you)
The magic dart hits the orc.
The orc is severely wounded.
The orc shoots a bolt.
The bolt misses you.
The orc warrior shoots a bolt.
The bolt hits you!
* * * LOW HITPOINT WARNING * * *
Casting: Magic Dart
Confirm with . or Enter, or press ? or * to list all spells.
Aiming: Magic Dart
Press: ? - help, Shift-Dir - straight line, f/p - orc
Aim: an orc, wielding an orcish crossbow (severely wounded)
The magic dart hits the orc.
You kill the orc!
Vehumet accepts your kill.
You feel your power returning.
The orc warrior shoots a bolt.
The bolt hits you!
You die...

#.o....≈≈≈≈
#......≈≈≈≈
#.(....o≈≈≈≈
#..(...≈≈≈≈≈
#..)...≈≈≈≈≈
#......≈≈≈≈≈
#......≈≈≈≈≈
#......≈≈≈≈≈
#.@....≈≈≈≈≈
#......≈≈≈≈≈
#......≈≈≈≈≈≈
#(.....≈≈≈≈≈≈
#......≈≈≈≈≈
#......≈≈#.#
#......≈##.##≈≈
#......≈.....≈≈≈≈≈≈
#.....)≈##)##≈≈≈≈≈≈


You could see 2 orc warriors.

Vanquished Creatures
  A yak (D:7)
  A necrophage (D:6)
  4 orc warriors
  5 centaurs
  2 ogres
  2 giant frogs
  7 killer bees
  A jelly (D:7)
  A goliath beetle (D:7)
  A centaur skeleton (D:7)
  A crimson imp (D:5)
  An orc priest (D:7)
  6 hounds
  2 big fish (D:2)
  3 iguanas
  A scorpion (D:5)
  2 orc wizards
  3 worker ants
  A hound skeleton (D:6)
  A worker ant zombie (D:7)
  12 gnolls
  6 adders
  A giant centipede (D:7)
  A giant mite (D:3)
  A worm (D:5)
  An iguana zombie (D:7)
  A grey rat (D:1)
  4 oozes
  13 orcs
  10 bats
  A bat skeleton (D:7)
  A bat zombie (D:7)
  9 giant cockroaches
  17 hobgoblins
  6 jackals
  19 kobolds
  3 quokkas
  A ball python (D:6)
  A giant gecko (D:2)
  5 giant newts
  2 giant spores (D:7)
  11 goblins
  A quokka skeleton (D:4)
  13 rats
  3 ballistomycetes (D:7)
189 creatures vanquished.

Notes
Turn   | Place    | Note
--------------------------------------------------------------
     0 | D:1      | RedPan, the Deep Elf Wizard, began the quest for the Orb.
     0 | D:1      | Reached XP level 1. HP: 10/10 MP: 6/6
   213 | D:1      | Reached XP level 2. HP: 10/15 MP: 4/9
   227 | D:1      | Learned a level 2 spell: Blink
   821 | D:2      | Reached XP level 3. HP: 19/19 MP: 10/12
   828 | D:2      | Learned a level 3 spell: Mephitic Cloud
  1154 | D:2      | Found a glowing golden altar of the Shining One.
  1200 | D:2      | Reached XP level 4. HP: 24/24 MP: 11/15
  1413 | D:2      | Found a blossoming altar of Fedhas.
  1418 | D:2      | Reached skill level 5 in Conjurations
  1447 | D:2      | Noticed an oklob plant
  1460 | D:2      | Reached XP level 5. HP: 28/28 MP: 12/18
  1673 | D:3      | Noticed a centaur
  1681 | D:3      | Killed a centaur
  1681 | D:3      | Reached skill level 6 in Conjurations
  1775 | D:3      | Reached XP level 6. HP: 32/32 MP: 0/20
  2828 | D:4      | Found Raoqaot's Armour Emporium.
  2861 | D:4      | Reached skill level 7 in Conjurations
  2985 | D:4      | Found a bloodstained altar of Trog.
  3072 | D:4      | Found a glowing silver altar of Zin.
  3122 | D:4      | Found a staircase to the Ecumenical Temple.
  3132 | Temple   | Entered the Ecumenical Temple
  3247 | Temple   | Learned a level 3 spell: Conjure Flame
  3247 | Temple   | Became a worshipper of Vehumet
  3562 | D:5      | Entered Level 5 of the Dungeon
  3562 | D:5      | Found a sparkling altar of Nemelex Xobeh.
  3562 | D:5      | Found a white marble altar of Elyvilon.
  3605 | D:5      | Reached skill level 1 in Fire Magic
  3871 | D:5      | Reached XP level 7. HP: 36/36 MP: 17/21
  4598 | D:5      | Reached skill level 5 in Fire Magic
  4695 | D:6      | Acquired Vehumet's first power
  4695 | D:6      | Offered knowledge of Freeze by Vehumet.
  5381 | D:6      | Found a shattered altar of Ashenzari.
  5487 | D:6      | Found a burning altar of Makhleb.
  5509 | D:6      | Reached skill level 5 in Dodging
  5509 | D:6      | Reached XP level 8. HP: 16/39 MP: 1/23
  6476 | D:6      | Reached skill level 5 in Spellcasting
  6896 | D:7      | Offered knowledge of Throw Flame by Vehumet.
  7673 | D:7      | Reached XP level 9. HP: 45/45 MP: 23/27
  7679 | D:7      | Learned a level 4 spell: Iskenderun's Mystic Blast
  7748 | D:7      | Reached skill level 8 in Conjurations
  8199 | D:7      | Found a flagged portal.
  8232 | Bailey   | Entered a bailey
  8538 | Bailey   | Offered knowledge of Dazzling Spray by Vehumet.
  8546 | Bailey   | Shot with a bolt by an orc warrior

Action                   |  1- 3 |  4- 6 |  7- 9 || total
-------------------------+-------+-------+-------++-------
Melee: Dagger            |     3 |     2 |    43 ||    48
 Cast: Magic Dart        |    77 |   155 |   351 ||   583
       Mephitic Cloud    |       |     7 |    27 ||    34
       Blink             |       |       |     7 ||     7
       Iskenderun's Myst |       |       |    12 ||    12
Evoke: Wand              |       |     2 |     2 ||     4
  Use: Scroll            |       |     4 |     7 ||    11
       Potion            |       |     1 |     5 ||     6
 Stab: Confused          |       |       |     2 ||     2
       Sleeping          |       |       |     1 ||     1
